 Dungeon Crawl Stone Soup version 0.29.1-1-gd02db6906a (webtiles) character file.

Game seed: 12783146027208626670

43 Icepheonix32 the Trooper (level 3, -1/34 HPs)
             Began as a Minotaur Fighter on Oct 13, 2022.
             Slain by Terence
             ... wielding a +0 trident
              (10 damage)
             ... on level 2 of the Dungeon.
             The game lasted 00:00:55 (1098 turns).

Icepheonix32 the Trooper (Minotaur Fighter)         Turns: 1098, Time: 00:00:55

Health: -1/34      AC:  8    Str: 20    XL:     3   Next: 37%
Magic:  2/2        EV:  9    Int:  5    God:
Gold:   97         SH:  4    Dex: 11    Spells: 2/2 levels left

rFire   . . .      SeeInvis .   a - +0 war axe
rCold   . . .      Faith    .   c - +0 buckler
rNeg    . . .      Spirit   .   b - +0 scale mail
rPois   .          Reflect  .   (helmet restricted)
rElec   .          Harm     .   g - +0 cloak
rCorr   .          Rampage  .   (no gloves)
Will    .....                   (no boots)
Stlth   ..........              (no amulet)
HPRegen 0.11/turn               (no ring)
MPRegen 0.08/turn               (no ring)

@: no status effects
A: horns 2, retaliatory headbutt
a: no special abilities


You were on level 2 of the Dungeon.
You visited 1 branch of the dungeon, and saw 2 of its levels.

You collected 97 gold pieces.

Inventory:

Hand Weapons
 a - a +0 war axe (weapon)
 i - a +1 dagger of holy wrath
Armour
 b - a +0 scale mail (worn)
 c - a +0 buckler (worn)
 g - a +0 cloak (worn)
Scrolls
 f - a scroll of identify {unknown}
 h - a scroll of enchant weapon {unknown}
Potions
 d - a potion of might
 e - 2 potions of curing {unknown}


   Skills:
 * Level 4.4 Fighting
 + Level 3.2 Axes
 + Level 3.7 Armour
 + Level 0.2 Dodging
 + Level 4.0 Shields


You had 2 spell levels left.
You didn't know any spells.
Your spell library was empty.

Dungeon Overview and Level Annotations

Branches:
Dungeon (2/15)

Altars:

Annotations:
D:2 Terence


Innate Abilities, Weirdness & Mutations

You have a pair of horns on your head.
You reflexively headbutt those who attack you in melee.


Message History

Terence the Incautious comes into view.
He is wielding a +0 trident.
Terence shouts!
Terence is nearby!
A quokka comes into view.
Terence hits you with a +0 trident!
You hit Terence but do no damage. Your headbutt misses Terence.
Terence screams, "I'm going to kill you!"
Terence hits you with a +0 trident.
The quokka bites you but does no damage.
You hit Terence but do no damage. You miss the quokka.
Terence hits you but does no damage.
The quokka bites you but does no damage.
You hit Terence.
Terence is lightly wounded.
You hit the quokka. The quokka misses you. You block Terence's attack.
The quokka closely misses you. Terence hits you with a +0 trident.
You hit the quokka but do no damage.
The quokka is severely wounded.
You hit Terence but do no damage. The quokka closely misses you.
Terence says, "Don't bother to defend, it's useless."
Terence hits you with a +0 trident! The quokka barely misses you.
You are too injured to fight recklessly!
You are too injured to fight recklessly!
You are too injured to fight recklessly!
You are too injured to fight recklessly!
You are too injured to fight recklessly!
You are too injured to fight recklessly!
You are too injured to fight recklessly!
Unknown command.
You hit Terence. Your headbutt misses Terence.
Terence is moderately wounded.
You hit the quokka.
You kill the quokka!
Terence hits you with a +0 trident.
* * * LOW HITPOINT WARNING * * *
Terence barely misses you. You furiously retaliate!
You headbutt Terence. You barely miss Terence.
Terence is heavily wounded.
Terence hits you with a +0 trident!
You die...

...........### #..###......
...##..##### #......#.###
#..# #####..#.# #..###### ###
..##..#.# #.......# #.#
#.##..#.### #..<###.### #.#
#.##..#....
#.#####....####.###..........
#.. ..............#....###.#
##^ #.....@@......#....#....
#. #......†......#....#....
#. #.....#...#####.........
## ...####...# ####.#...> #.
.....# .#.... # ##....#
.###.# #....# ... .....#
....# #.#.


You could see Terence.

Vanquished Creatures
  An adder (D:2)
  A worm (D:2)
  3 orcs (D:2)
  A ball python (D:1)
  2 bats (D:1)
  3 endoplasms (D:1)
  2 goblins
  4 hobgoblins (D:1)
  4 jackals (D:1)
  A kobold (D:2)
  A quokka (D:2)
  A rat (D:1)
24 creatures vanquished.

Notes
Turn   | Place    | Note
-------+----------+-------------------------------------------
     0 | D:1      | Icepheonix32 the Minotaur Fighter began the quest for the
                  | Orb.
     0 | D:1      | Reached XP level 1. HP: 19/19 MP: 0/0
   163 | D:1      | Reached XP level 2. HP: 21/27 MP: 1/1
   890 | D:2      | Identified the +5 rapier of the Fox {vorpal, Int+4}
  1015 | D:2      | Reached XP level 3. HP: 34/34 MP: 2/2
  1089 | D:2      | Noticed Terence
  1098 | D:2      | Slain by Terence

Illustrated notes

Levels and vault maps discovered:
D:1:      minmay_arrival_radiant_lines, layout_basic, minmay_misc_feat_chi
D:2:      layout_basic, st_stairs_3, corexii_shack, grunt_ministairs_3,
          uniq_terence, uniq_jessica

Skill      XL: |  1  2 |
---------------+-------+-----
Fighting       | 4 |  4.4
Shields        | 4 |  4.0
Axes           | 3 |  3.2
Armour         | |  3.7
Dodging        | |  0.2

Action                   || total
-------------------------++-------
Melee: War axe           ||    57
       Headbutt          ||     1
Armor: Scale mail        ||    28
Dodge: Dodged            ||    29
Block: Buckler           ||    19
